 Dungeon Crawl Stone Soup version 0.31-a0-167-g1c394c0614 (webtiles) character file.

Game seed: 15741829542648461877

26834 jasper the Tainter (level 13, -3/69 HPs)
             Began as a Spriggan Venom Mage on June 14, 2023.
             Was a Follower of Lugonu.
             Killed by a shard of ice (44 damage)
             ... invoked by the wrath of Vehumet
             ... on level 1 of the Orcish Mines.
             The game lasted 00:29:37 (19139 turns).

jasper the Tainter (Spriggan Venom Mage)           Turns: 19139, Time: 00:29:38

Health: -3/69      AC:  7    Str: 10    XL:     13   Next: 1%
Magic:  4/23       EV: 24    Int: 21    God:    Lugonu [*.....]
Gold:   744        SH: 10    Dex: 16    Spells: 4/24 levels left

rFire   + . .        A - +3 dagger (venom)
rCold   . . .        F - +0 buckler
rNeg    + + +        z - +2 robe {rF+}
rPois   .            (helmet restricted)
rElec   .            y - +2 cloak
rCorr   +            (gloves unavailable)
SInv    +            (boots unavailable)
Will    ++...        I - amulet of reflection
Stlth   +++          u - ring of Fexzorch {rC- rN+++ rCorr Str+6 Slay-3}
HPRegen 0.31/turn    B - ring of protection from cold
MPRegen 0.18/turn

%: reflection
@: very quick
A: very small, no large weapons, unfitting armour, see invisible, speed 3
a: Renounce Religion, Depart the Abyss


You were on level 1 of the Orcish Mines.
You worshipped Lugonu.
Lugonu was aware of your devotion.
You visited 4 branches of the dungeon, and saw 18 of its levels.
You visited the Abyss 1 time.
You also visited: Sewer, Ossuary and Ice Cave.

You collected 957 gold pieces.
You spent 213 gold pieces at shops.

Inventory:

Hand Weapons
 f - a +1 spear
 A - a +3 dagger of venom (weapon)
 G - a +2 dagger of holy wrath
Missiles
 e - 14 curare-tipped darts
Armour
 a - a +1 robe
 y - a +2 cloak (worn)
 z - a +2 robe of fire resistance (worn)
 F - a +0 buckler (worn)
Magical Staves
 i - a staff of air
Jewellery
 g - a +6 ring of dexterity
 u - the ring of Fexzorch (left hand) {rC- rN+++ rCorr Str+6 Slay-3}
   (You bought it in a shop on level 6 of the Dungeon)

   [ring of resist corrosion]

   Str:       It affects your strength (+6).
   Slay:      It affects your accuracy & damage with ranged weapons and melee
   (-3).
   rC:        It makes you vulnerable to cold.
   rN:        It renders you almost immune to negative energy.
   rCorr:     It protects you from acid and corrosion.
 B - a ring of protection from cold (right hand)
 E - a ring of willpower
 H - an amulet of faith
 I - an amulet of reflection (around neck)
 J - a +4 ring of protection
Wands
 s - a wand of charming (21)
 K - a wand of roots (4)
Scrolls
 k - 7 scrolls of teleportation
 m - 3 scrolls of fog
 n - 2 scrolls of blinking
 r - 5 scrolls of fear
 t - a scroll of revelation
 v - a scroll of torment
 x - 4 scrolls of identify
Potions
 b - 2 potions of magic
 c - 3 potions of mutation
 d - 11 potions of curing
 h - 3 potions of heal wounds
 j - 2 potions of brilliance
 l - 2 potions of enlightenment
 o - 5 potions of attraction
 p - 3 potions of resistance
 q - 2 potions of cancellation
 w - 2 potions of berserk rage {unknown}
 C - a potion of invisibility {unknown}
 D - 2 potions of haste


   Skills:
 - Level 8.3 Fighting
 - Level 12.2 Dodging
 - Level 4.0 Stealth
 - Level 5.0 Shields
 - Level 6.0 Spellcasting
 + Level 6.6 Hexes
 + Level 4.6 Summonings
 + Level 8.1 Translocations
 - Level 1.3 Transmutations
 - Level 12.6 Poison Magic
 - Level 5.0 Evocations


You had 4 spell levels left.
You knew the following spells:

 Your Spells              Type           Power      Damage    Failure   Level
a - Sting                 Tmut/Pois      100%       1d8       1%          1
b - Poisonous Vapours     Pois/Air       64%        N/A       1%          2
c - Mephitic Cloud        Conj/Pois/Air  24%        N/A       8%          3
d - Olgreb's Toxic Radia  Pois           56%        N/A       1%          4
e - Summon Forest         Summ/Tloc      16%        N/A       26%         5
f - Summon Mana Viper     Hex/Summ       30%        N/A       36%         5

Your spell library contained the following spells:

 Spells                   Type           Power      Damage    Failure   Level
 Apportation              Tloc           80%        N/A       1%          1
 Summon Small Mammal      Summ           100%       N/A       1%          1
 Dazzling Flash           Conj/Hex       40%        N/A       11%         3
 Necrotise                Necr           24%        1d5       14%         1
 Shock                    Conj/Air       24%        1d4       14%         1
 Sublimation of Blood     Necr           6%         N/A       21%         2
 Frozen Ramparts          Ice            12%        1d2       38%         3
 Summon Ice Beast         Ice/Summ       16%        N/A       45%         4
 Ice Form                 Ice/Tmut       9%         N/A       71%         4
 Petrify                  Tmut/Erth      9%         N/A       71%         4
 Silence                  Hex/Air        10%        N/A       69%         5
 Irradiate                Conj/Tmut      4%         3d13      96%         5
 Summon Cactus Giant      Summ           12%        N/A       97%         6
 Agony                    Necr           6%         N/A       98%         5


Dungeon Overview and Level Annotations

Branches:
Dungeon (12/15)            Temple (1/1) D:5            Lair (4/5) D:9
    Orc (1/2) D:12          Sewer (visited)         Ossuary (visited)
  IceCv (visited)
  Swamp: Lair:2-3    Shoals: Lair:2-3     Snake: Lair:2-3    Spider: Lair:2-3
  Slime: Lair:4-5

Altars:
Ashenzari
Cheibriados
Dithmenos
Elyvilon
Gozag
Hepliaklqana
Kikubaaqudgha
Makhleb
Nemelex Xobeh
Ru
Sif Muna
Trog
Uskayaw
Vehumet

Shops:
D:1 *   D:6 !*((

Annotations:
D:8 exclusion: obsidian statue
D:11 exclusion: slime creature
Lair:2 2 transporters, exclusion: 2 ice statues, Dittersdorf's ghost, journeyman GrFi


Innate Abilities, Weirdness & Mutations

You are very small and have problems with some larger weapons.
You are too small for most types of armour.
You have supernaturally acute eyesight. (SInv)
You cover ground extremely quickly. (Speed+++)


Message History

Confirm with . or Enter, or press ? or * to list all spells.
Okay, then.
Unknown command.
As you read the scroll of teleportation, it crumbles to dust.
You feel strangely unstable.
You hit the orc warlord.
The orc warlord looks as sick as possible!
The orc warlord is heavily wounded.
You block the orc warlord's attack.
You hit the orc warlord but do no damage.
The orc warlord is heavily wounded.
The orc warlord hits you with a +0 great sword!
You take 9 damage, and have 46/69 hp.
You hit the orc warlord but do no damage.
The orc warlord is heavily wounded.
Your surroundings suddenly seem different. 2 orc warriors, an orc priest and an orc come into view.
The helpless orc priest fails to defend itself.
You puncture the orc priest!
The orc priest looks as sick as possible!
The orc priest is almost dead.
You block the orc priest's attack.
You hit the orc priest but do no damage.
The orc priest is almost dead.
You kill the orc priest!
Lugonu accepts your kill.
An orc wizard and an orc come into view.
The orc wizard is wielding a +2 dagger of speed.
The orc shouts!
The orc warrior shouts!
You hear a shout! x4
Things that are here:
a +0 club; a +0 leather armour An orc wizard and 2 orcs come into view.
Found a stone staircase leading down.
The orc warrior unwields a +0 hand axe.
The orc warrior wields a +0 arbalest.
The orc warrior shoots a bolt.
The bolt hits you!
You take 7 damage, and have 40/69 hp.
Vehumet rains destruction down upon you!
The shard of ice hits you!!!
Ouch! That really hurt!
You die...

...# . ....
..#### #...
.#... ## ...
#...## ..#
..##....##....
##....#..#..#
#.>...#o..o.##
#.@..#.o.o...
####.ooo.....
##.#####. #).#
#.## ###


You could see 2 orc warriors, an orc wizard and the wrath of Vehumet (unaware).

Vanquished Creatures
  Kirke (Lair:4)
  Erolcha (Orc:1)
  2 two-headed ogres
  A skyshark (Lair:2)
  A deep elf pyromancer (D:11)
  A cyclops (D:10)
  5 black mambas
  4 elephants (Lair:4)
  Psyche (D:8)
  2 cane toads
  9 komodo dragons
  2 trolls
  2 polar bears
  Grinder (D:4)
  A hornet (D:9)
  9 blink frogs (Lair:1)
  4 wyverns
  4 hogs (Lair:4)
  30 yaks
  3 basilisks
  3 redbacks (Lair:3)
  A steam dragon (D:7)
  9 water moccasins
  6 orc warriors
  2 black bears (Lair:2)
  A swamp drake (D:9)
  A sky beast (D:7)
  4 ogres
  14 wolves
  6 centaurs (D:12)
  9 bullfrogs
  2 gnoll sergeants (D:9)
  7 kobold brigands
  3 scorpions
  11 killer bees
  A howler monkey (D:10)
  A gnoll bouda (D:7)
  2 hounds
  7 orc priests
  3 jellies
  A sleepcap (D:4)
  8 iguanas
  10 orc wizards
  Robin (D:2)
  9 adders
  14 gnolls
  7 river rats
  2 shadow imps
  2 white imps (D:7)
  2 ufetubi
  4 worms
  3 dart slugs
  46 orcs
  6 bats
  10 endoplasms
  12 goblins
  6 hobgoblins
  2 jackals (D:4)
  34 kobolds
  2 quokkas
  11 ball pythons
  4 frilled lizards
  28 rats
401 creatures vanquished.

Vanquished Creatures (collateral kills)
  An acid dragon (D:12)
1 creature vanquished.

Grand Total: 402 creatures vanquished

Notes
Turn   | Place    | Note
-------+----------+-------------------------------------------
     0 | D:1      | jasper the Spriggan Venom Mage began the quest for the Orb.
     0 | D:1      | Reached XP level 1. HP: 9/9 MP: 5/5
   251 | D:1      | Reached XP level 2. HP: 14/14 MP: 0/7
   428 | D:1      | Found Giese's General Store.
   537 | D:1      | Reached skill level 1 in Fighting
   854 | D:1      | Learned a level 2 spell: Poisonous Vapours
   948 | D:2      | Found an ancient bone altar of Kikubaaqudgha.
   963 | D:2      | Reached XP level 3. HP: 13/18 MP: 2/8
  1740 | D:3      | Found a faded altar of an unknown god.
  1749 | D:3      | Got Plato's Tome of the Tempest
  2169 | D:3      | Found a shimmering blue altar of Sif Muna.
  2187 | D:3      | Found a hide-covered altar of Uskayaw.
  2199 | D:3      | Reached XP level 4. HP: 23/23 MP: 4/9
  2373 | D:3      | Learned a level 3 spell: Mephitic Cloud
  2610 | D:4      | Reached XP level 5. HP: 15/28 MP: 0/10
  2781 | D:4      | Reached XP level 6. HP: 32/32 MP: 11/11
  2787 | D:4      | Learned a level 4 spell: Olgreb's Toxic Radiance
  2792 | D:4      | Noticed Grinder
  2806 | D:5      | Entered Level 5 of the Dungeon
  2873 | D:5      | Reached XP level 7. HP: 28/36 MP: 8/12
  2881 | D:5      | Found a staircase to the Ecumenical Temple.
  2890 | Temple   | Entered the Ecumenical Temple
  2997 | Temple   | Became a worshipper of Vehumet
  3185 | D:5      | Found a glowing drain.
  3197 | Sewer    | Entered a sewer
  3413 | Sewer    | Reached * piety under Vehumet
  3413 | Sewer    | Offered knowledge of Kiss of Death by Vehumet.
  3692 | Sewer    | Offered knowledge of Foxfire by Vehumet.
  3791 | Sewer    | Reached ** piety under Vehumet
  4728 | D:6      | Found Ysuosh's Weapon Shop.
  4744 | D:6      | Found Lauburiu's Antique Weapon Shoppe.
  4758 | D:6      | Reached skill level 5 in Dodging
  5032 | D:6      | Reached XP level 8. HP: 37/42 MP: 10/13
  5299 | D:6      | Found Anann's Assorted Antiques.
  5302 | D:6      | Bought a sparkling iron ring for 135 gold pieces
  5302 | D:6      | Identified the ring of Fexzorch {rC- rN+++ rCorr Str+6
                  | Slay-3} (You bought it in a shop on level 6 of the Dungeon)
  5302 | D:6      | Bought 2 scrolls labelled YDUKHYS XI PEX for 54 gold pieces
  5302 | D:6      | Bought a clear potion for 24 gold pieces
  5399 | D:6      | Found Bextochi's Distillery.
  6013 | D:7      | Found a sand-covered staircase.
  6024 | Ossuary  | Entered an ossuary
  6302 | D:7      | Offered knowledge of Frozen Ramparts by Vehumet.
  6329 | D:8      | Learned a level 5 spell: Summon Forest
  6813 | D:8      | Found an opulent altar of Gozag.
  6822 | D:8      | Found an opulent altar of Gozag.
  6822 | D:8      | Found an opulent altar of Gozag.
  6828 | D:8      | Reached skill level 5 in Spellcasting
  6828 | D:8      | Reached XP level 9. HP: 39/46 MP: 6/17
  6907 | D:8      | Found an opulent altar of Gozag.
  6921 | D:8      | Reached *** piety under Vehumet
  6989 | D:8      | Noticed Psyche
  7037 | D:8      | Killed Psyche
  7038 | D:8      | Reached skill level 1 in Evocations
  7264 | D:8      | Noticed an obsidian statue
  7499 | D:9      | Reached skill level 5 in Fighting
  7929 | D:9      | Noticed a komodo dragon
  7948 | D:9      | Killed a komodo dragon
  8276 | D:10     | Entered Level 10 of the Dungeon
  8280 | D:10     | Noticed a two-headed ogre
  8297 | D:10     | Noticed a cyclops
  8299 | D:10     | Killed a two-headed ogre
  8300 | D:10     | Reached XP level 10. HP: 53/53 MP: 7/18
  8321 | D:10     | Killed a cyclops
  8322 | D:10     | Reached skill level 5 in Evocations
  8491 | D:10     | Offered knowledge of Inner Flame by Vehumet.
  8704 | D:10     | Found a white marble altar of Elyvilon.
  8737 | D:10     | Reached skill level 10 in Dodging
  8892 | D:10     | Found a burning altar of Makhleb.
  8894 | D:10     | Found a bloodstained altar of Trog.
  9356 | D:11     | Reached **** piety under Vehumet
  9658 | D:11     | Noticed a two-headed ogre
  9662 | D:11     | Noticed a deep elf pyromancer
  9695 | D:11     | Killed a deep elf pyromancer
  9696 | D:11     | Reached XP level 11. HP: 58/58 MP: 5/19
  9698 | D:11     | Killed a two-headed ogre
 10928 | D:7      | Offered knowledge of Hailstorm by Vehumet.
 11909 | D:4      | Killed Grinder
 12075 | D:4      | Found a sacrificial altar of Ru.
 12688 | D:2      | Noticed Robin
 12692 | D:2      | Killed Robin
 13018 | D:9      | Found a staircase to the Lair.
 13049 | D:9      | Reached skill level 1 in Shields
 13617 | D:9      | Reached ***** piety under Vehumet
 13862 | D:9      | Offered knowledge of Arcjolt by Vehumet.
 14204 | Lair:1   | Entered Level 1 of the Lair of Beasts
 14648 | Lair:1   | Found a frozen archway.
 14659 | IceCv    | Entered an ice cave
 14703 | Lair:1   | Reached skill level 5 in Shields
 14900 | Lair:1   | Reached XP level 12. HP: 65/65 MP: 17/21
 15302 | Lair:1   | Reached skill level 1 in Translocations
 15318 | Lair:1   | Learned a level 5 spell: Summon Mana Viper
 15495 | Lair:1   | Reached skill level 1 in Summonings
 15684 | Lair:1   | Reached skill level 1 in Hexes
 15999 | Lair:2   | Found a transporter.
 16005 | Lair:2   | Found a transporter.
 16018 | Lair:2   | Noticed Dittersdorf's ghost (journeyman GrFi)
 17063 | Lair:3   | Noticed a five-headed hydra
 17131 | Lair:2   | Reached skill level 5 in Translocations
 17621 | Lair:4   | Noticed Kirke
 17634 | Lair:4   | Reached skill level 5 in Hexes
 17656 | Lair:4   | Killed Kirke
 18752 | D:12     | Found a staircase to the Orcish Mines.
 18778 | D:12     | Offered knowledge of Leda's Unmaking by Vehumet.
 18963 | Orc:1    | Entered Level 1 of the Orcish Mines
 19006 | Orc:1    | Noticed Erolcha
 19010 | Abyss:1  | Cast into level 1 of the Abyss (Erolcha)
 19069 | Abyss:1  | Found a corrupted altar of Lugonu.
 19079 | Abyss:1  | Fell from the grace of Vehumet
 19079 | Abyss:1  | Became a worshipper of Lugonu the Unformed
 19079 | Abyss:1  | Reached * piety under Lugonu
 19079 | Abyss:1  | Reached ** piety under Lugonu
 19080 | Orc:1    | Escaped the Abyss
 19091 | Orc:1    | Noticed an orc warlord
 19095 | Orc:1    | Killed Erolcha
 19108 | Orc:1    | Reached XP level 13. HP: 49/69 MP: 4/23
 19139 | Orc:1    | Killed by a shard of ice

Illustrated notes

Levels and vault maps discovered:
D:1:      psy_arrival_fountain, layout_basic, serial_shops,
          nicolae_shop_tiny_glass, minmay_misc_feat_hallway,
          minmay_misc_feat_four_crosses, st_stairs_3, minmay_tetromino_t4
D:2:      layout_rooms, basic_altar, uniq_robin
D:3:      layout_loops_ring, general_overflow_altar,
          nicolae_uskayaw_murder_on_the_dancefloor,
          shapermc_ecumenical_altar_rom_forum
D:4:      layout_cave_pools, lemuel_tele_altar, uniq_grinder
D:5:      layout_basic, minmay_temple_entry_statues_pillars,
          lightli_sewer_entry_pipes
D:6:      layout_cave_pools, serial_rivers, chequers_serial_rivers_small_3,
          chequers_serial_rivers_small_3, chequers_serial_rivers_small_a,
          chequers_serial_rivers_micro_d, chequers_serial_rivers_micro_e,
          serial_shops, shop, kennysheep_mini, nicolae_stop_n_shop_1,
          nicolae_shop_back_alley_shop
D:7:      layout_rooms, nicolae_ossuary_entry_ruins, minmay_increasing_density
D:8:      minmay_statue_hallways, layout_rooms,
          nicolae_gozag_conspicuous_consumption, minmay_misc_feat_doors,
          uniq_psyche
D:9:      layout_long_grid, erik_lair_dragon, serial_co_window_serial,
          co_window_paths_b, co_window_corner_a, co_window_of_opportunity_a,
          co_window_paths_a, co_window_corner_a, co_window_2corner,
          co_window_of_opportunity_c, co_window_unsneaky_path_d,
          co_window_of_opportunity_c, co_window_broadway_b, co_window_corner_ca,
          co_window_corner_b, glass_columns_c, glass_columns_a, glass_columns_b,
          glass_columns_b, glass_columns_b
D:10:     layout_basic, minitemple
D:11:     layout_stronghold
D:12:     layout_gridville, orc_0_dummy, st_stairs_10
Temple:   regret_index_temple_generic_petals
Lair:1:   layout_cave_shapes, portal_ice_cave_entry_pillars_1
Lair:2:   layout_roguey, nzn_ghost_randoct
Lair:3:   layout_small_grid, minmay_shoals_entry_beasts, spider_nest_entry_a
Lair:4:   layout_long_grid, uniq_kirke
Orc:1:    layout_diamond_mine, mines2_lemuel, uniq_erolcha

Skill      XL: |  1  2  3  4  5  6  7  8  9 10 11 12 |
---------------+-------------------------------------+-----
Spellcasting   | 3 5 6 |  6.0
Fighting       | 1 2 3 4 5 7 8 |  8.3
Stealth        | 4 |  4.0
Poison Magic   | 12 | 12.6
Dodging        | 3 5 6 7 10 12 | 12.2
Evocations     | 4 5 |  5.0
Shields        | 5 |  5.0
Translocations | 8 |  8.1
Summonings     | 4 |  4.6
Hexes          | 6 |  6.6
Transmutations | |  1.3

Action                     |  1- 3 |  4- 6 |  7- 9 | 10-12 | 13-15 || total
---------------------------+-------+-------+-------+-------+-------++-------
  Melee: Spear             |    26 |    19 |    69 |    73 |       ||   187
         Punch             |       |     1 |     1 |       |       ||     2
         Dagger            |       |       |       |   174 |     5 ||   179
   Cast: Sting             |    81 |    24 |    60 |   174 |       ||   339
         Poisonous Vapours |     7 |     4 |    27 |    64 |     1 ||   103
         Olgreb's Toxic Ra |       |     3 |    51 |   115 |       ||   169
         Mephitic Cloud    |       |       |     3 |     5 |     1 ||     9
 Invoke: Depart the Abyss  |       |       |       |     1 |       ||     1
  Evoke: Wand              |       |       |     1 |    18 |       ||    19
    Use: Scroll            |     7 |     1 |     8 |     6 |     1 ||    23
         Potion            |       |     3 |       |     1 |       ||     4
   Stab: Confused          |       |       |     1 |       |       ||     1
         Sleeping          |       |       |       |     4 |     1 ||     5
 Armour: Robe              |     6 |     3 |     8 |    34 |       ||    51
  Dodge: Dodged            |    39 |    24 |   107 |   394 |       ||   564
  Block: Buckler           |       |       |       |   152 |     2 ||   154
         Reflection        |       |       |       |     7 |       ||     7

Table legend: (Time is in decaauts)
 A = Elapsed time spent in this place.
 B = Non-inter-level travel time spent in this place.
 C = Inter-level travel time spent in this place.
 D = Time resting spent in this place.
 E = Time spent auto-exploring this place.
 F = Levels seen in this place.
 G = Mean time per level.
                   A        B        C        D        E       F      G
               +--------+--------+--------+--------+--------+-----+--------+
         Total |  14800 |  14004 |    796 |    693 |  10542 |  22 |  672.7 |
       Dungeon |  10503 |   9845 |    658 |    317 |   7805 |  12 |  875.2 |
        Temple |     97 |     72 |     25 |      0 |     63 |   1 |   97.0 |
          Lair |   3282 |   3171 |    111 |    271 |   2089 |   4 |  820.5 |
  Orcish Mines |     73 |     73 |      0 |      5 |     24 |   1 |   73.0 |
         Abyss |     61 |     61 |      0 |      0 |     50 |   1 |   61.0 |
         Sewer |    753 |    753 |      0 |    100 |    500 |   1 |  753.0 |
       Ossuary |     25 |     25 |      0 |      0 |      9 |   1 |   25.0 |
      Ice Cave |      3 |      3 |      0 |      0 |      0 |   1 |    3.0 |
               +--------+--------+--------+--------+--------+-----+--------+

Top non-repeatable levels by time:
     D:9: 1678 daAuts
  Lair:1: 1297 daAuts
     D:7: 1176 daAuts
    D:11: 1113 daAuts
     D:4: 877 daAuts
  Lair:4: 877 daAuts
     D:8: 850 daAuts
     D:6: 814 daAuts
  Lair:2: 810 daAuts
    D:10: 794 daAuts
     D:1: 755 daAuts
   Sewer: 753 daAuts
     D:3: 716 daAuts
     D:5: 698 daAuts
     D:2: 674 daAuts
